 Dungeon Crawl Stone Soup version 0.19-a0-994-g3c636f0 (webtiles) character file.

43769 4thArraOfDagon the Arsonist (level 13, -30/51 HPs)
             Began as a Felid Fire Elementalist on July 17, 2016.
             Was an Elder of Sif Muna.
             Blown up by an orb spider (57 damage)
             ... with an orb of destruction
             ... on level 15 of the Dungeon.
             The game lasted 01:21:25 (10025 turns).

4thArraOfDagon the Arsonist (FeFE)                 Turns: 10025, Time: 01:21:26

Health: -30/51     AC:  3    Str:  4    XL:     13   Next: 92%
Magic:  24/37      EV: 24    Int: 23    God:    Sif Muna [****..]
Gold:   1265       SH:  0    Dex: 15    Spells: 9 memorised, 5 levels left
                                        Lives:  0   Deaths: 4

rFire  + . .     SeeInvis +     (weapon unavailable)
rCold  . . .     Gourm    .     (armour unavailable)
rNeg   . . .     Faith    .     (shield unavailable)
rPois  +         Spirit   .     (helmet unavailable)
rElec  .         Dismiss  .     (cloak unavailable)
rCorr  .         Reflect  .     (gloves unavailable)
SustAt .         Harm     .     (boots unavailable)
MR     +....     Rnd*Rage +     (no amulet)
Stlth  +++.......               s - ring of magical power
                                e - ring of fire

@: delayed fireball, divine energy, quick, somewhat resistant to hostile
enchantments, fairly stealthy
A: no armour, no weapons or thrown items, antennae 1, claws 1, fangs 3, see
invisible, berserk 1, carnivore 3, clever 1, clumsy 1, speed 1, mutation
resistance 1, poison resistance, robust 1, shaggy fur 3, slow metabolism 1,
sharp paws
a: Stop Divine Energy, Channel Magic, Forget Spell, Renounce Religion, Release
Delayed Fireball


You were on level 15 of the Dungeon.
You worshipped Sif Muna.
Sif Muna was greatly pleased with you.
You were not hungry.

You visited 4 branches of the dungeon, and saw 24 of its levels.
You also visited: Labyrinth.

You collected 1511 gold pieces.
You spent 246 gold pieces at shops.

Inventory:

Hand Weapons
 m - the +7 bardiche of Gaep Gyo {freeze, +Blink, unknown}
   (You found it on level 11 of the Dungeon)

   It has been specially enchanted to freeze those struck by it, causing extra
   injury to most foes and up to half again as much damage against particularly
   susceptible opponents.
   It can also slow down cold-blooded creatures.
   It lets you blink.
Jewellery
 e - a ring of fire (left paw)
 g - an uncursed ring of sustain attributes
 s - a ring of magical power (right paw)
 t - an uncursed ring of ice
 u - a +2 ring of intelligence
 K - a -2 ring of dexterity
Wands
 h - a wand of polymorph (0/24)
 j - a wand of iceblast (8/15)
 k - a wand of disintegration (1/24)
 q - a wand of slowing (20/48)
 v - a wand of random effects (10/48)
 E - a wand of paralysis (7/24)
 F - a wand of iceblast (2/15)
 I - a wand of lightning (7/15)
Scrolls
 c - 2 scrolls of amnesia
 d - 2 scrolls of noise
 n - a scroll of fog {unknown}
 p - 2 scrolls of recharging
 r - a scroll of enchant armour {unknown}
 y - 2 scrolls of silence
 z - 5 scrolls of remove curse
 A - 2 scrolls of immolation
 C - 2 scrolls of identify
 D - 5 scrolls of magic mapping
Potions
 f - 2 potions of curing
 o - 2 potions of might
 B - 3 potions of cancellation
 G - a potion of cure mutation
 N - a potion of brilliance
 O - a potion of invisibility
 P - 2 potions of heal wounds
Books
 a - a book of Flames

   Spells                             Type                      Level
   a - Flame Tongue                   Conjuration/Fire             1
   b - Throw Flame                    Conjuration/Fire             2
   c - Conjure Flame                  Conjuration/Fire             3
   d - Inner Flame                    Hexes/Fire                   3
   e - Sticky Flame                   Conjuration/Fire             4
   f - Fireball                       Conjuration/Fire             5
 H - a book of the Dragon

   Spells                             Type                      Level
   a - Flame Tongue                   Conjuration/Fire             1
   b - Cause Fear                     Hexes                        4
   c - Bolt of Fire                   Conjuration/Fire             6
   d - Dragon Form                    Transmutation                7
   e - Dragon's Call                  Summoning                    9
 J - Sif Muna's Almanac of the Burning Frostbite
   (Sif Muna gifted it to you on level 6 of the Lair of Beasts)

   Spells                             Type                      Level
   a - Inner Flame                    Hexes/Fire                   3
   b - Sticky Flame                   Conjuration/Fire             4
   c - Bolt of Magma                  Conjuration/Fire/Earth       5
   d - Metabolic Englaciation         Hexes/Ice                    5
   e - Freezing Cloud                 Conjuration/Ice/Air          6
   f - Bolt of Fire                   Conjuration/Fire             6
   g - Delayed Fireball               Conjuration/Fire             7
 L - a book of Fire

   Spells                             Type                      Level
   a - Ignite Poison                  Fire/Transmutation/Poison    3
   b - Fireball                       Conjuration/Fire             5
   c - Bolt of Fire                   Conjuration/Fire             6
   d - Delayed Fireball               Conjuration/Fire             7
   e - Ring of Flames                 Charms/Fire                  7
 M - a book of Spatial Translocations

   Spells                             Type                      Level
   a - Apportation                    Translocation                1
   b - Blink                          Translocation                2
   c - Shroud of Golubria             Charms/Translocation         2
   d - Portal Projectile              Translocation                3
   e - Teleport Other                 Translocation                3
   f - Passage of Golubria            Translocation                4
Miscellaneous
 x - a phial of floods
Comestibles
 b - 3 meat rations
 i - 17 royal jellies
 l - 7 beef jerkies


   Skills:
 - Level 9.0 Dodging
 - Level 2.6 Stealth
 + Level 10.2 Spellcasting
 * Level 13.6 Conjurations
 * Level 14.0 Fire Magic
 + Level 10.0 Invocations


You had 5 spell levels left.
You knew the following spells:

 Your Spells              Type           Power        Failure   Level  Hunger
a - Flame Tongue          Conj/Fire      #####        1%          1    None
b - Conjure Flame         Conj/Fire      #######.     1%          3    None
c - Sticky Flame          Conj/Fire      #######.     1%          4    #......
d - Fireball              Conj/Fire      #######...   1%          5    ####...
e - Mephitic Cloud        Conj/Pois/Air  ####....     2%          3    None
f - Bolt of Fire          Conj/Fire      #######...   3%          6    ######.
g - Delayed Fireball      Conj/Fire      N/A          21%         7    #######
h - Blink                 Tloc           N/A          10%         2    None
i - Apportation           Tloc           ##........   6%          1    None


Dungeon Overview and Level Annotations

Branches:
Dungeon (15/15)            Temple (1/1) D:7            Lair (6/6) D:11
  Snake (0/4) Lair:4        Slime (0/5) Lair:5          Orc (2/2) D:9
    Elf (0/3) Orc:2
  Swamp: Lair:2-4    Shoals: Lair:2-4    Vaults: D:13-14     Depths: D:15

Altars:
Ashenzari
Cheibriados
Gozag
Kikubaaqudgha
Nemelex Xobeh
Qazlal
Ru
Sif Muna
Trog
Uskayaw
Vehumet
Xom
Zin

Shops:
D:7 %   D:14 ?   Orc:2 ((

Portals:
Sewer: D:4

Annotations:
D:6 p0werm0de's ghost, novice DrCK
D:7 Joseph
D:10 4thArraOfDagon's ghost, novice HOMo


Innate Abilities, Weirdness & Mutations

You cannot wear armour.
You are incapable of wielding weapons or throwing items.
You have sharp claws.
You have razor-sharp teeth.
You have supernaturally acute eyesight. (SInv)
You are carnivorous and can eat meat at any time.
You cover ground quickly.
Your thick and shaggy fur keeps you warm. (AC +3, rC+)
You have a slow metabolism.
Your sharp claws are effective at attacking unaware monsters.
You have a pair of small antennae on your head.
You tend to lose your temper in combat.
Your mind is acute. (Int +2)
You are clumsy. (Dex -2)
You are somewhat resistant to further mutation.
Your system is resistant to poisons. (rPois)
You are robust. (+10% HP)


Message History

Casting: Bolt of Fire
Confirm with . or Enter, or press ? or * to list all spells.
Aiming: Fireball
Press: ? - help, Shift-Dir - straight line, f - orb of destruction, p - orb spider
Aim: an orb of destruction You feel a surge of power!
The fireball explodes!
The fireball engulfs the orb spider.
You kill the orb spider!
Sif Muna accepts your kill.
The orb spider's shape twists and changes as it dies.
Unknown command.
Unknown command.
Casting: Fireball
Confirm with . or Enter, or press ? or * to list all spells.
Okay, then.
Casting: Fireball
Confirm with . or Enter, or press ? or * to list all spells.
You blink.
The orb of destruction hits you!
Ouch! That really hurt!
You die...

################
...†§§§@.§.....#
##############.#
#.# #.# #.# #.#
#.# #.#
##########.#


There were no monsters in sight!

Vanquished Creatures
  Gastronok (Lair:1)
  An orc warlord (Orc:2)
  A stone giant (Orc:2)
  A minotaur (Lab)
  Erolcha (Orc:2)
  4 hydras
  3 ogre magi
  9 death yaks
  An iron troll (Orc:2)
  An unseen horror (D:15)
  A deep troll (Orc:2)
  5 hill giants
  A wizard (D:14)
  3 orc knights (Orc:2)
  A cyclops (D:15)
  An orb spider (shapeshifter) (D:15)
  An orc sorcerer (Orc:2)
  2 griffons
  An oklob plant (Lair:3)
  Maurice (Orc:2)
  2 centaur zombies
  17 elephants
  2 black mambas (Lair:6)
  A siren (Lair:3)
  3 centaur skeletons
  24 spiny frogs
  A rime drake (Lair:6)
  2 freezing wraiths (D:15)
  6 komodo dragons
  A kobold demonologist (D:11)
  A queen bee (Lair:5)
  3 merfolk (Lair:3)
  9 two-headed ogres
  2 polar bears
  11 trolls
  3 meliai (Lair:5)
  3 giant leeches (Lair:6)
  The ghost of Shenda the Insei, an amateur OpTm of Qazlal (D:5)
  11 blink frogs
  A slime creature (D:12)
  A wyvern (D:9)
  2 vampires
  A water elemental (D:12)
  35 yaks
  A yak (shapeshifter) (D:13)
  2 wraiths
  A hippogriff (D:12)
  A basilisk (Lair:3)
  A hungry ghost (D:11)
  2 steam dragons
  6 vampire mosquitoes
  A warg (Orc:1)
  2 nagas (Lair:4)
  11 water moccasins
  6 porcupines
  11 orc warriors
  2 ice beasts
  3 sky beasts
  A phantom (D:6)
  An eye of draining (D:12)
  27 ogres
  2 centaurs
  10 crocodiles
  3 big kobolds
  18 giant frogs
  2 wyvern skeletons
  5 wights (D:13)
  21 killer bees (Lair:5)
  10 electric eels
  A howler monkey (D:9)
  6 hounds
  A wasp zombie (D:11)
  3 jellies (D:12)
  4 giant frog skeletons
  13 orc priests
  7 iguanas
  18 orc wizards
  5 worker ants
  24 sheep
  4 adders
  5 river rats (Lair:1)
  2 shadow imps
  5 oozes (D:12)
  An adder zombie (D:10)
  2 worms (D:9)
  A dart slug (D:5)
  A giant gecko (D:9)
  50 orcs
  A ball python (D:5)
  A giant cockroach (D:2)
  4 goblins
  3 hobgoblins
  4 jackals (D:9)
  12 kobolds
  4 quokkas
  2 bats (D:3)
  A giant newt (D:6)
  2 rats (D:9)
  A bush (Lair:5)
  2 fungi
  2 plants
525 creatures vanquished.

Vanquished Creatures (collateral kills)
  A worker ant (D:14)
1 creature vanquished.

Vanquished Creatures (others)
  4 fungi
  12 plants
16 creatures vanquished.

Grand Total: 542 creatures vanquished

Notes
Turn   | Place    | Note
-------+----------+-------------------------------------------
     0 | D:1      | 4thArraOfDagon the Felid Fire Elementalist began the quest for the Orb.
     0 | D:1      | Reached XP level 1. HP: 7/7 MP: 4/4
    75 | D:2      | Reached skill level 1 in Conjurations
   161 | D:3      | Reached XP level 2. HP: 11/11 MP: 1/6
   252 | D:4      | Found a glowing drain.
   286 | D:5      | Entered Level 5 of the Dungeon
   290 | D:5      | Noticed a sky beast
   413 | D:5      | Noticed Shenda's ghost (amateur OpTm)
   482 | D:5      | Killed Shenda's ghost
   482 | D:5      | Reached skill level 4 in Fire Magic
   482 | D:5      | Reached XP level 3. HP: 11/14 MP: 0/8
   482 | D:5      | Reached XP level 4. HP: 15/18 MP: 0/9
   482 | D:5      | Reached XP level 5. HP: 17/21 MP: 0/10
   483 | D:5      | mircle
   526 | D:5      | Learned a level 3 spell: Conjure Flame
   584 | D:5      | Killed a sky beast
   584 | D:5      | Gained mutation: You are covered in thick fur. (AC +2) [Felid growth]
   584 | D:5      | Reached XP level 6. HP: 24/24 MP: 4/11
   593 | D:5      | Gained mutation: You tend to lose your temper in combat. [mutagenic meat]
   596 | D:5      | Gained mutation: You are resistant to hostile enchantments. (MR+) [mutagenic meat]
   599 | D:5      | Gained mutation: Your system is resistant to poisons. (rPois) [mutagenic meat]
   602 | D:5      | Gained mutation: You are clumsy. (Dex -2) [mutagenic meat]
   605 | D:5      | Lost mutation: You are resistant to hostile enchantments. (MR+) [mutagenic meat]
   608 | D:5      | Gained mutation: You are robust. (+10% HP) [mutagenic meat]
   618 | D:5      | Learned a level 4 spell: Sticky Flame
   624 | D:5      | Found an opulent altar of Gozag.
   706 | D:5      | Noticed an ice beast
   828 | D:7      | Noticed Joseph
   866 | D:6      | Noticed p0werm0de's ghost (novice DrCK)
  1105 | D:6      | Reached skill level 5 in Fire Magic
  1105 | D:6      | Reached XP level 7. HP: 16/29 MP: 6/13
  1279 | D:6      | Found a bloodstained altar of Trog.
  1482 | D:7      | HP: 1/29 [giant frog (5)]
  1551 | D:7      | Learned a level 5 spell: Fireball
  1568 | D:7      | Found a staircase to the Ecumenical Temple.
  1573 | D:7      | Found Adyfrach's Food Boutique.
  1582 | Temple   | Entered the Ecumenical Temple
  1620 | Temple   | Became a worshipper of Sif Muna the Loreminder
  1651 | D:8      | Reached skill level 5 in Conjurations
  1737 | D:8      | Noticed Psyche
  1766 | D:8      | Noticed Psyche
  1766 | D:8      | Psyche changed into Psyche the blink frog
  1784 | D:8      | Killed Psyche the blink frog
  1784 | D:8      | Reached skill level 6 in Fire Magic
  1784 | D:8      | Reached skill level 1 in Invocations
  1784 | D:8      | Reached XP level 8. HP: 17/34 MP: 7/15
  1895 | D:10     | Entered Level 10 of the Dungeon
  1961 | D:12     | Found a labyrinth entrance.
  2009 | Lab      | Entered a labyrinth
  2293 | Lab      | no
  2424 | Lab      | Noticed a minotaur
  2436 | Lab      | Killed a minotaur
  2436 | Lab      | Reached * piety under Sif Muna
  2436 | Lab      | Reached skill level 5 in Spellcasting
  2436 | Lab      | Reached skill level 7 in Fire Magic
  2436 | Lab      | Reached XP level 9. HP: 10/37 MP: 6/17
  2460 | Lab      | Learned a level 3 spell: Mephitic Cloud
  2577 | D:12     | Reached ** piety under Sif Muna
  2699 | D:12     | Noticed a troll
  2710 | D:12     | Killed a troll
  2927 | D:13     | Found a bloodstained altar of Trog.
  2957 | D:13     | Reached skill level 8 in Fire Magic
  3032 | D:13     | Noticed a hill giant
  3069 | D:13     | Killed a hill giant
  3096 | D:13     | Noticed a red ugly thing
  3146 | D:13     | WHAYT
  3151 | D:13     | Reached XP level 10. HP: 26/40 MP: 0/19
  3230 | D:13     | Noticed a salamander
  3433 | D:14     | Noticed a brown ugly thing
  3433 | D:14     | Noticed a brown ugly thing
  3433 | D:14     | Noticed a brown ugly thing
  3433 | D:14     | Noticed a brown ugly thing
  3433 | D:14     | Noticed a brown ugly thing
  3433 | D:14     | Noticed a brown ugly thing
  3448 | D:13     | Reached *** piety under Sif Muna
  3542 | D:13     | Noticed a griffon
  3553 | D:13     | Noticed a hill giant
  3557 | D:13     | HP: 2/40 [griffon (18)]
  3557 | D:13     | Mangled by a griffon
  3558 | D:13     | Reached XP level 9. HP: -6/37 MP: 1/28
  3558 | D:13     | WTF
  3602 | D:13     | Killed a hill giant
  3602 | D:13     | Reached skill level 5 in Dodging
  3638 | D:13     | Reached skill level 5 in Invocations
  3728 | D:12     | Reached skill level 9 in Fire Magic
  3832 | D:14     | Found Daczas's Magic Scroll Boutique.
  3876 | D:14     | Bought a scroll of teleportation for 36 gold pieces
  3876 | D:14     | Bought a scroll of blinking for 90 gold pieces
  3876 | D:14     | Bought a scroll of magic mapping for 42 gold pieces
  3876 | D:14     | Bought a scroll of immolation for 42 gold pieces
  3876 | D:14     | Bought a scroll of teleportation for 36 gold pieces
  3924 | D:14     | Noticed a troll
  3942 | D:14     | Noticed a troll
  3965 | D:14     | Noticed a centaur warrior
  3967 | D:14     | Noticed a komodo dragon
  3967 | D:14     | Noticed a wizard
  3972 | D:14     | Reached XP level 10. HP: 30/40 MP: 20/20
  3998 | D:14     | Noticed a hill giant
  4019 | D:14     | Killed a hill giant
  4073 | D:14     | Reached **** piety under Sif Muna
  4079 | D:14     | Noticed a cyclops
  4080 | D:14     | Slain by a brown ugly thing
  4081 | D:14     | Reached XP level 9. HP: -1/37 MP: 0/28
  4081 | D:14     | WHY MISCAST
  4160 | D:13     | Killed a griffon
  4347 | D:11     | WHY
  4362 | D:11     | Got a brightly glowing bardiche
  4391 | D:11     | Found a staircase to the Lair.
  4611 | D:9      | Noticed a moth of wrath
  4613 | D:9      | Found a bloodstained altar of Trog.
  4669 | D:9      | Found a staircase to the Orcish Mines.
  4686 | Orc:1    | Entered Level 1 of the Orcish Mines
  4717 | Orc:1    | Found a bloodstained altar of Trog.
  4722 | Orc:1    | Reached XP level 10. HP: 37/40 MP: 21/21
  5034 | Orc:2    | Entered Level 2 of the Orcish Mines
  5034 | Orc:2    | Noticed an orc knight
  5034 | Orc:2    | Noticed an orc warlord
  5034 | Orc:2    | Noticed an orc sorcerer
  5220 | Lair:1   | Entered Level 1 of the Lair of Beasts
  5275 | Lair:1   | Noticed a spiny frog
  5283 | Lair:1   | Killed a spiny frog
  5283 | Lair:1   | Reached skill level 10 in Fire Magic
  5583 | Lair:1   | Reached XP level 11. HP: 44/44 MP: 0/22
  5749 | Lair:3   | Noticed a five-headed hydra
  5794 | Lair:3   | Reached skill level 10 in Conjurations
  5819 | Lair:3   | Killed a five-headed hydra
  6206 | Lair:3   | Reached skill level 11 in Fire Magic
  6245 | Lair:4   | Noticed a death yak
  6246 | Lair:4   | Noticed a death yak
  6248 | Lair:4   | Noticed a death yak
  6249 | Lair:4   | Noticed a death yak
  6422 | Lair:3   | Noticed an oklob plant
  6428 | Lair:3   | Killed an oklob plant
  6431 | Lair:3   | Found a shimmering altar of Xom.
  6542 | Lair:4   | Gained mutation: Your thick and shaggy fur keeps you warm. (AC +3, rC+) [Felid growth]
  6542 | Lair:4   | Reached XP level 12. HP: 31/48 MP: 12/24
  6546 | Lair:4   | Noticed a death yak
  6632 | Lair:5   | Found a staircase to the Slime Pits.
  7150 | Lair:5   | Learned a level 6 spell: Bolt of Fire
  7172 | Lair:6   | Entered Level 6 of the Lair of Beasts
  7268 | Lair:6   | Noticed a death yak
  7268 | Lair:6   | Noticed a death yak
  7268 | Lair:6   | Noticed a death yak
  7268 | Lair:6   | Noticed a seven-headed hydra
  7272 | Lair:6   | Killed a seven-headed hydra
  7272 | Lair:6   | Killed a death yak
  7272 | Lair:6   | Killed a death yak
  7272 | Lair:6   | Reached ***** piety under Sif Muna
  7272 | Lair:6   | Received a gift from Sif Muna
  7272 | Lair:6   | Reached skill level 12 in Fire Magic
  7275 | Lair:6   | Killed a death yak
  7321 | Lair:6   | Sapher: what was the book
  7387 | Lair:6   | 4thArraOfDagon: dragon
  7408 | Lair:6   | Sapher: no..a gifted book
  7421 | Lair:6   | Identified Sif Muna's Almanac of the Burning Frostbite (Sif Muna gifted it to you on level 6 of the Lair of Beasts)
  7421 | Lair:6   | 4thArraOfDagon: ahhh
  7421 | Lair:6   | 4thArraOfDagon: ty lol
  7429 | Lair:6   | Learned a level 7 spell: Delayed Fireball
  7434 | Lair:6   | Reached XP level 13. HP: 23/51 MP: 17/26
  7473 | Lair:6   | Killed from afar by a rime drake
  7474 | Lair:6   | Reached XP level 12. HP: -11/48 MP: 13/34
  7492 | Lair:6   | HP: 1/72 [vampire mosquito (6)]
  7493 | Lair:6   | Slain by a giant frog
  7494 | Lair:6   | Reached XP level 11. HP: -3/66 MP: 15/33
  7603 | Lair:6   | Learned a level 2 spell: Blink
  7658 | Lair:6   | Noticed a four-headed hydra
  7661 | Lair:6   | Killed a four-headed hydra
  7990 | Lair:4   | Killed a death yak
  8046 | Lair:4   | Noticed a death yak
  8047 | Lair:4   | Reached XP level 12. HP: 46/48 MP: 22/26
  8051 | Lair:4   | Killed a death yak
  8054 | Lair:4   | Killed a death yak
  8054 | Lair:4   | Killed a death yak
  8060 | Lair:4   | Killed a death yak
  8065 | Lair:4   | Killed a death yak
  8167 | Lair:4   | Found a staircase to the Snake Pit.
  8207 | Lair:4   | Reached skill level 13 in Fire Magic
  8404 | Lair:1   | Noticed Gastronok
  8411 | Lair:1   | Killed Gastronok
  8661 | Orc:2    | Noticed Maurice
  8671 | Orc:2    | Killed Maurice
  8671 | Orc:2    | Reached XP level 13. HP: 20/51 MP: 11/27
  8731 | Orc:2    | Learned a level 1 spell: Apportation
  8840 | Orc:2    | uhh
  8916 | Orc:2    | Killed an orc warlord
  8982 | Orc:2    | Found Uwkoeh's Antique Weapon Emporium.
  8987 | Orc:2    | Found Iloshane's Antique Weapon Shop.
  8990 | Orc:2    | Noticed a stone giant
  9023 | Orc:2    | Found a staircase to the Elven Halls.
  9036 | Orc:2    | Noticed Erolcha
  9048 | Orc:2    | Killed Erolcha
  9048 | Orc:2    | Reached skill level 10 in Spellcasting
  9057 | Orc:2    | Killed a stone giant
  9060 | Orc:2    | oh no
  9108 | D:9      | Sapher: too much piety wasted on regen...so only 1 gift
  9430 | D:10     | Noticed 4thArraOfDagon's ghost (novice HOMo)
  9505 | D:10     | Gained mutation: You have a pair of small antennae on your head. [mutagenic meat]
  9508 | D:10     | Gained mutation: Your mind is acute. (Int +2) [mutagenic meat]
  9511 | D:10     | Gained mutation: You are somewhat resistant to further mutation. [mutagenic meat]
  9880 | D:15     | Entered Level 15 of the Dungeon
  9987 | D:15     | Sapher: efreet
  9990 | D:15     | Reached skill level 14 in Fire Magic
  9994 | D:15     | Reached skill level 10 in Invocations
 10025 | D:15     | Blown up by an orb spider

Vault maps used:
D:1:      dpeg_arrival_more_subterranean_lakeside_camping, st_stairs_12
D:2:      nrook_uturn
D:3:      first_bread, uniq_terence
D:4:      gup_sewer_entry_glass
D:5:      lemuel_crystal_altar
D:6:      trog_hazing_becter
D:7:      serial_shops, shop, nicolae_elemental_shop, uniq_joseph
D:8:      minmay_distorted_concentric_squares, minmay_overflow_temple_star_hex,
          uniq_psyche
D:9:      orc_0_dummy, tgw_trog
D:10:     serial_co_window_serial, co_window_paths_a, co_window_corner_a,
          co_window_paths_a, co_window_paths_a, co_window_corner_a,
          co_window_of_opportunity_b, co_window_unsneaky_path_c,
          co_window_corner_cb, glass_columns_a, glass_columns_a,
          glass_columns_a, glass_columns_b, glass_columns_b,
          nicolae_ru_the_path_less_chosen
D:11:     lair_0_dummy
D:12:     lab_entry_generic, hangedman_little_slice_of_home
D:13:     basic_altar, evilmike_butchery
D:14:     david_vaults_1, serial_shops, shop_scrolls, moated_statue,
          spider_trap, nooodl_food_tri
D:15:     gammafunk_enter_depths_forms, nicolae_gozag_seed_capital,
          water_maze_lemuel
Temple:   eino_temple_scatter_basement
Lair:1:   beast_lair_carwin_9, uniq_gastronok
Lair:2:   columned_hall_lemuel, infiniplex_staircase_pool
Lair:3:   elwin_shoals_entry_stream, lemuel_oklob_altar,
          bh_autumn_forest_stairs, lemuel_fruit_tree, grunt_megastairs_4
Lair:4:   guppyfry_snake_entry_island, serial_bayou_shore_b, lemuel_fruit_fields
Lair:5:   slime_dummy, special_room
Lair:6:   minmay_lair_end_frog_pond
Orc:1:    basic_altar
Orc:2:    st_orc_open, uniq_erolcha, uniq_azrael, uniq_maurice
Lab:      nicolae_lab_stuck, nicolae_lab_dead_end

Skill      XL: |  1  2  3  4  5  6  7  8  9 10 11 12 13 |
---------------+----------------------------------------+-----
Conjurations   | 1 3 4 5 6 7 9 12 11 13 | 13.6
Spellcasting   | 3 4 5 7 9 8 10 | 10.2
Fire Magic     | 4 5 6 7 9 10 11 13 14 | 14.0
Invocations    | 1 3 5 6 7 9 10 | 10.0
Dodging        | 5 7 9 |  9.0
Stealth        | |  2.6

Action                   |  1- 3 |  4- 6 |  7- 9 | 10-12 | 13-15 || total
-------------------------+-------+-------+-------+-------+-------++-------
Melee: Unarmed           |     4 |       |   100 |    41 |    64 ||   209
       Bite              |     2 |       |    13 |     8 |     7 ||    30
 Cast: Flame Tongue      |    24 |    19 |   113 |    49 |     3 ||   208
       Sticky Flame      |       |     1 |    28 |    69 |     9 ||   107
       Conjure Flame     |       |     1 |    19 |    18 |     6 ||    44
       Fireball          |       |       |    26 |   183 |    39 ||   248
       Bolt of Fire      |       |       |       |    47 |    52 ||    99
       Delayed Fireball  |       |       |       |       |     3 ||     3
       Blink             |       |       |       |       |     1 ||     1
Invok: Channel Magic     |       |       |     2 |    37 |    18 ||    57
       Divine Energy     |       |       |     1 |     1 |       ||     2
       Stop Divine Energ |       |       |       |     1 |       ||     1
 Abil: Release Delayed F |       |       |       |       |     2 ||     2
Evoke: Wand              |       |       |     8 |     6 |     6 ||    20
       Phial of floods   |       |       |     1 |       |       ||     1
  Use: Scroll            |     2 |     2 |    15 |     8 |     3 ||    30
       Potion            |       |       |     8 |     5 |     3 ||    16
 Stab: Sleeping          |       |       |     1 |     2 |       ||     3
  Eat: Chunk             |     4 |     6 |    31 |    73 |    33 ||   147
       Pizza             |       |       |       |     3 |       ||     3
       Royal jelly       |       |       |       |     1 |     3 ||     4
       Meat ration       |       |       |       |       |     1 ||     1
Armor: Skin              |     2 |     1 |     7 |    23 |     3 ||    36
Dodge: Dodged            |    11 |     3 |   134 |   148 |    68 ||   364
